 Dungeon Crawl Stone Soup version 0.23-a0-451-g1044d4c (webtiles) character file.

154 galech the Skirmisher (level 5, -5/41 HPs)
             Began as a Demonspawn Fighter on Nov 23, 2018.
             Slain by an orc priest
             ... wielding a +0 trident
              (8 damage)
             ... on level 3 of the Dungeon.
             The game lasted 00:02:22 (2305 turns).

galech the Skirmisher (Demonspawn Fighter)          Turns: 2305, Time: 00:02:23

Health: -5/41      AC:  8    Str: 16    XL:     5   Next: 13%
Magic:  5/5        EV: 10    Int: 10    God:
Gold:   124        SH:  9    Dex: 13    Spells: 4/4 levels left

rFire    . . .     SeeInvis .   a - +0 war axe
rCold    . . .     Gourm    .   c - +0 shield
rNeg     . . .     Faith    .   b - +0 scale mail
rPois    .         Spirit   .   (no helmet)
rElec    .         Reflect  .   (no cloak)
rCorr    .         Harm     .   (no gloves)
MR       .....                  (no boots)
Stlth    ..........             (no amulet)
HPRegen  0.13/turn              (no ring)
MPRegen  0.09/turn              m - +3 ring of evasion

@: no status effects
A: molten scales 1, spiny 1
a: no special abilities


You were on level 3 of the Dungeon.
You were not hungry.

You visited 1 branch of the dungeon, and saw 3 of its levels.

You collected 124 gold pieces.

Inventory:

Hand Weapons
 a - a +0 war axe (weapon)
Armour
 b - a +0 scale mail (worn)
 c - a +0 shield (worn)
Jewellery
 i - an uncursed ring of fire
 m - a +3 ring of evasion (right hand)
Scrolls
 e - 2 scrolls of identify {unknown}
 h - 2 scrolls of enchant weapon {unknown}
 j - a scroll of blinking {unknown}
 k - a scroll of noise {unknown}
 l - a scroll of remove curse {unknown}
 o - a scroll of fog {unknown}
Potions
 d - a potion of might
 g - 2 potions of flight {unknown}
Comestibles
 f - 5 rations
 n - a chunk of flesh


   Skills:
 + Level 3.6 Fighting
 + Level 3.4 Axes
 + Level 3.4 Armour
 + Level 0.2 Dodging
 + Level 3.3 Shields


You had 4 spell levels left.
You didn't know any spells.
Your spell library was empty.

Dungeon Overview and Level Annotations

Branches:
Dungeon (3/15)

Altars:
Qazlal


Innate Abilities, Weirdness & Mutations

You are partially covered in molten scales. (AC +2)
You are partially covered in sharp spines.


Message History

The orc priest closely misses you.
You hit the orc priest but do no damage.
The orc priest hits you from afar with a +0 trident.
The orc priest mumbles some strange prayers to Beogh against you.
Beogh smites you!
You slash the orc priest!
The orc priest is almost dead.
You block the orc priest's attack.
The orc priest hits you but does no damage.
The orc priest hits you from afar with a +0 trident.
The orc priest calls down the wrath of Beogh upon you.
Beogh smites you!
* * * LOW HITPOINT WARNING * * *
You slash the orc priest!
You kill the orc priest!
You have reached level 5!
Your demonic ancestry asserts itself...
Molten scales grow over part of your body.
The orc priest hits you from afar with a +0 trident!
You die...

#.# #.# #.# #.#
#o# #o# #)#
#.####@#########
#...............#
#..####.#######.##
#......)...#
#########..# #..#
#..# #####..#
#......#


You could see an orc priest and an orc.

Vanquished Creatures
  An orc priest (D:3)
  2 adders (D:2)
  A shadow imp (D:2)
  5 worms
  A dart slug (D:1)
  2 leopard geckos
  6 orcs (D:3)
  3 ball pythons
  8 bats
  6 giant cockroaches
  9 hobgoblins
  5 jackals (D:1)
  3 kobolds (D:1)
  3 frilled lizards
  6 goblins
  9 rats
70 creatures vanquished.

Notes
Turn   | Place    | Note
-------+----------+-------------------------------------------
     0 | D:1      | galech the Demonspawn Fighter began the quest for the Orb.
     0 | D:1      | Reached XP level 1. HP: 18/18 MP: 1/1
   225 | D:1      | Gained mutation: You are partially covered in sharp spines.
                  | [demonic ancestry]
   225 | D:1      | Reached XP level 2. HP: 24/24 MP: 2/2
   566 | D:1      | Reached XP level 3. HP: 29/29 MP: 3/3
  1312 | D:2      | Reached XP level 4. HP: 35/35 MP: 4/4
  1629 | D:2      | Noticed a fire elemental
  1630 | D:2      | Found a stormy altar of Qazlal.
  1633 | D:2      | Noticed an earth elemental
  1635 | D:2      | Noticed a water elemental
  1635 | D:2      | Noticed an air elemental
  2305 | D:3      | Gained mutation: You are partially covered in molten
                  | scales. (AC +2) [demonic ancestry]
  2305 | D:3      | Reached XP level 5. HP: 3/41 MP: 5/5
  2305 | D:3      | Slain by an orc priest

Vault maps used:
D:1:      dpeg_arrival_houses_and_road
D:2:      nicolae_qazlal_style_of_elements, minmay_increasing_density
D:3:      nicolae_gozag_cash_rules_everything_around_me, uniq_crazy_yiuf_cottage

Skill      XL: |  1  2  3  4 |
---------------+-------------+-----
Axes           | 2 3 |  3.4
Shields        | 3 |  3.3
Armour         | 3 |  3.4
Fighting       | |  3.6
Dodging        | |  0.2

Action                   |  1- 3 |  4- 6 || total
-------------------------+-------+-------++-------
Melee: War axe           |   115 |    51 ||   166
  Eat: Chunk             |     2 |     3 ||     5
Armor: Scale mail        |    55 |     8 ||    63
Dodge: Dodged            |    27 |    20 ||    47
Block: Shield            |    55 |    13 ||    68

Table legend:
 A = Non-vault XP
 B = Vault XP
 C = Vault XP percentage of total XP
 D = Non-vault monster count
 E = Vault monster count
 F = Vault count percentage of total count
                 A         B        C        D         E       F
            +---------+---------+-------+---------+---------+-------
      Total |     200 |      20 |   9.1 |      61 |       9 |  12.9
            +---------+---------+-------+---------+---------+-------
        D:1 |      51 |       0 |   0.0 |      28 |       0 |   0.0
        D:2 |      69 |      20 |  22.5 |      20 |       9 |  31.0
        D:3 |      80 |       0 |   0.0 |      13 |       0 |   0.0
            +---------+---------+-------+---------+---------+-------
